Cogmind - Beta 14 *** ADVENTURER MODE // 2024.09.08 @ 13:55:43 Player: Bert Result: Self-destructed Performance ------------- Evolutions (1) 500 Regions Visited (5) 1000 Robots Destroyed (17) 85 Value Destroyed (641) 641 Prototype IDs (1) 20 Alien Tech Used (0) 0 Bonus (600) 600 TOTAL SCORE: 2846 Bonus ------- Met Imprinter 300 Was Imprinted 300 Cogmind --------- Core Integrity 46/400 Matter 300/300 Energy 100/100 System Corruption 2% Temperature Cool (0) Movement Core (100) Ox1 Location -6/Proximity Caves Parts ------- > --- POWER (1) -------- (None) > --- PROPULSION (2) --- (None) > --- UTILITY (4) ------ Small Storage Unit Signal Interpreter > --- WEAPON (2) ------- (None) > --- INVENTORY (8) ---- Improved Heat Sink Improved Heat Sink Makeshift Transmission Jammer Relay Coupler [Programmer] (68) Shock Rifle Particle Gun Light Assault Rifle Peak State ------------ > --- POWER ------------ Improved Ion Engine > --- PROPULSION ------- Wheel Compact Wheel > --- UTILITY ---------- Small Storage Unit Structural Scanner Signal Interpreter Hacking Drone Bay > --- WEAPON ----------- Beam Rifle Beamcaster > --- INVENTORY -------- Improved Heat Sink Improved Heat Sink Makeshift Transmission Jammer Relay Coupler [Programmer] Particle Gun Light Assault Rifle [Rating: 25] Favorites ----------- Power Improved Ion Engine Engine Improved Ion Engine Power Core Light Nuclear Core Propulsion Light Treads Treads Light Treads Wheel Compact Wheel Utility Small Storage Unit Device Structural Scanner Storage Small Storage Unit Processor Signal Interpreter Weapon Beam Rifle Energy Gun Beam Rifle Build | -11 -10 -9 -9 -7 -6 ------- Run | Yrd Mat Mat Min Zio Pro Slots Evolved 2 | . . 2 . . . Power . | . . . . . . Propulsion . | . . . . . . Utility 2 | . . 2 . . . Weapon . | . . . . . . Parts Attached 22 | 6 1 6 4 4 1 Power 3 | 1 . 1 1 . . Engine 2 | 1 . . 1 . . Core 1 | . . 1 . . . Reactor . | . . . . . . Propulsion 7 | 2 . 1 1 2 1 Treads 4 | 2 . 1 1 . . Leg . | . . . . . . Wheel 3 | . . . . 2 1 Hover . | . . . . . . Flight . | . . . . . . Utility 6 | 1 1 2 1 1 . Device 4 | . . 2 1 1 . Storage 1 | 1 . . . . . Processor 1 | . 1 . . . . Hackware . | . . . . . . Protection . | . . . . . . Artifact . | . . . . . . Weapon 6 | 2 . 2 1 1 . Energy Gun 6 | 2 . 2 1 1 . Energy Cannon . | . . . . . . Ballistic Gun . | . . . . . . Ballistic Cannon . | . . . . . . Launcher . | . . . . . . Special Weapon . | . . . . . . Impact Weapon . | . . . . . . Slashing Weapon . | . . . . . . Piercing Weapon . | . . . . . . Special Melee Weapon . | . . . . . . Unidentified Prototypes 1 | . . . . 1 . Corrupted Parts 1 | . . 1 . . . System Corruption 3 | . . 3 . . . Parts Lost 9 | . . . 1 . 8 Power 2 | . . . 1 . 1 Propulsion 3 | . . . . . 3 Utility 2 | . . . . . 2 Weapon 2 | . . . . . 2 Highest Loss Streak 4 | . . . 1 . 4 To Critical Strikes . | . . . . . . Average Slot Usage (%) 95 | . 92 98 100 99 79 Engine 9 | . 14 1 7 11 7 Core 1 | . . 9 3 . . Treads 7 | . 28 22 22 . . Wheel 14 | . . . . 20 19 Device 18 | . . 20 22 22 13 Storage 11 | . 14 11 11 11 11 Processor 10 | . 6 11 11 11 11 Energy Gun 21 | . 28 22 22 22 15 Peak Build Rating 25 | 6 7 13 15 24 25 Average Rating 18 | 4 6 12 14 21 21 On Entrance 10 | . 6 7 13 15 24 Naked Turns . | . . . . . . Heaviest Build 22 | 14 14 17 20 22 22 Greatest Support 40 | 40 40 40 40 40 32 Greatest Overweight (x) 6 | . . . . 6 1 Average Overweight (x) . | . . . . . . Largest Inventory Capacity 8 | 8 8 8 8 8 8 Average Capacity 7 | 7 8 8 8 8 8 Most Carried 8 | 5 5 8 8 8 8 Average Carried 6 | 2 4 7 7 6 7 Final Capacity 8 | 8 8 8 8 8 8 Final Carried 8 | 4 5 8 8 5 7 Class Distribution -------------------- 82% | Scavenger-Mutant 17% | Mutant Dominant Class ---------------- Mutant | -10/Materials Scavenger-Mutant | -9/Materials Scavenger-Mutant | -9/Mines Scavenger-Mutant | -7/Zion Scavenger-Mutant | -6/Proximity Caves Resources | -11 -10 -9 -9 -7 -6 ----------- Run | Yrd Mat Mat Min Zio Pro Matter Collected 433 | 230 . 102 51 40 10 Remotely . | . . . . . . Salvage Created 752 | . 80 423 80 . 169 Parts 40 | . 5 27 . . 8 Haulers Intercepted . | . . . . . . Recyclers Shooed . | . . . . . . Parts Field Recycled . | . . . . . . Retrieved Matter . | . . . . . . Parts Self-Destructed 8 | . . . . . 8 Prevented . | . . . . . . Kills | -11 -10 -9 -9 -7 -6 ------- Run | Yrd Mat Mat Min Zio Pro Combat Hostiles Destroyed 18 | . 1 9 4 . 4 Guns 15 | . . 9 4 . 2 Classes Destroyed 8 | . 3 1 1 . 3 Worker 1 | . 1 . . . . Watcher 1 | . 1 . . . . Swarmer 1 | . . . . . 1 Grunt 8 | . 1 7 . . . Duelist 1 | . . . . . 1 Sentry 4 | . . 2 1 . 1 Programmer 1 | . . . . . 1 Assembled 3 | . . . 3 . . Best Kill Streak 3 | . 1 3 2 . 1 Combat Bots Only 3 | . 1 3 2 . 1 Max Kills in Single Turn 1 | . 1 1 1 . 1 Gunslinging . | . . . . . . Exploded . | . . . . . . Melee . | . . . . . . Uniques/NPCs Destroyed . | . . . . . . Combat | -11 -10 -9 -9 -7 -6 -------- Run | Yrd Mat Mat Min Zio Pro Hostile Shots Fired 160 | . 7 59 13 . 81 Missed 59 | . 3 18 3 . 35 Damage Taken 1307 | . 32 392 133 . 750 Core 354 | . . 43 35 . 276 Absorbed by Shields . | . . . . . . Ignored by Resistances 371 | . 9 115 37 . 210 Core Remaining (%) 100 | 100 100 . . . . Volleys Fired 58 | . 8 27 11 . 12 Largest 2 | . 2 2 2 . 2 Hottest 131 | . 80 105 121 . 131 Shots Fired 113 | . 16 54 19 . 24 Gun 113 | . 16 54 19 . 24 Cannon . | . . . . . . Launcher . | . . . . . . Special . | . . . . . . Kinetic . | . . . . . . Thermal 83 | . . 40 19 . 24 Explosive . | . . . . . . Electromagnetic 30 | . 16 14 . . . Robot Hit Streak 21 | . 7 21 11 . 8 Robot Miss Streak 2 | . 2 2 1 . 2 Penetration Max . | . . . . . . Secondary Targets 2 | . . 2 . . . Max Gunslinging Chain 1 | . . 1 . . . Shots Hit Robots 87 | . 11 45 15 . 16 Core Hits 33 | . 2 18 8 . 5 Critical Kills . | . . . . . . Critical Parts Destroyed . | . . . . . . Critical Strikes 4 | . . 1 1 . 2 Burn 4 | . . 1 1 . 2 Melee Attacks . | . . . . . . Impact . | . . . . . . Slashing . | . . . . . . Piercing . | . . . . . . Sneak Attacks . | . . . . . . Combat Hostiles . | . . . . . . Follow-up Attacks . | . . . . . . Damage Inflicted 1232 | . 157 552 219 . 304 Guns 1213 | . 157 551 219 . 286 Cannons . | . . . . . . Explosions . | . . . . . . Melee . | . . . . . . Ramming 19 | . . 1 . . 18 Kinetic . | . . . . . . Thermal 906 | . . 401 219 . 286 Explosive . | . . . . . . Electromagnetic 307 | . 157 150 . . . Impact . | . . . . . . Slashing . | . . . . . . Piercing . | . . . . . . Highest Corruption 3 | . . 3 3 3 2 Average Corruption 2 | . . 3 3 3 2 Corruption Purged . | . . . . . . Corruption Blocked . | . . . . . . Effects 10 | . . 4 4 1 1 Message Errors 3 | . . 2 1 . . Matter Fused 3 | . . 2 1 . . Heat Flow Errors 1 | . . . . . 1 Energy Discharges 1 | . . . 1 . . Parts Fused 1 | . . . . 1 . Data Loss (minor) 1 | . . . 1 . . Overload Shots . | . . . . . . Overflow Damage . | . . . . . . Projectiles . | . . . . . . Explosions . | . . . . . . Melee . | . . . . . . Knockbacks . | . . . . . . Impact . | . . . . . . Kinetic . | . . . . . . Secondary . | . . . . . . Self-Inflicted Damage 7 | . . . . . 7 Shots . | . . . . . . Rammed 8 | . . 1 . . 7 Targets Rammed 8 | . . 1 . . 7 Kicked . | . . . . . . Crushed . | . . . . . . Highest Temperature 378 | . 132 249 45 . 378 Average Temperature 84 | . 57 76 21 . 127 Received Heat Transfer 567 | . 24 297 45 . 201 Siege Activations . | . . . . . . Robots Corrupted 1 | . 1 . . . . Combat Hostiles 1 | . 1 . . . . Parts Fried . | . . . . . . Impact Corruptions . | . . . . . . Robots Melted 2 | . . . . . 2 Combat Hostiles 2 | . . . . . 2 Parts Melted 12 | . . 2 4 . 6 Heat Transferred 2349 | . . 1016 593 . 740 Parts Sabotaged . | . . . . . . Parts Stolen . | . . . . . . Parts Stripped . | . . . . . . Power Chain Reactions . | . . . . . . Alert | -11 -10 -9 -9 -7 -6 ------- Run | Yrd Mat Mat Min Zio Pro Peak Influence 261 | . 47 261 110 . . Initial 85 | . . 16 85 . . Average 102 | . 35 173 102 . . Maximum Alert Level 1 | . . 1 . . . Low Security (%) 82 | 100 100 49 100 . . Level 1 17 | . . 50 . . . Level 2 . | . . . . . . Level 3 . | . . . . . . Level 4 . | . . . . . . Level 5 . | . . . . . . High Security . | . . . . . . Max Security . | . . . . . . Squads Dispatched 2 | . . 1 . . 1 Investigation . | . . . . . . Extermination . | . . . . . . Reinforcement 1 | . . 1 . . . Assault 1 | . . . . . 1 Garrison . | . . . . . . Intercept . | . . . . . . Searches Triggered . | . . . . . . Construction Impeded . | . . . . . . Haulers Reinforced . | . . . . . . Active Scanning Responses . | . . . . . . Cargo Convoy Interrupts . | . . . . . . Stealth | -11 -10 -9 -9 -7 -6 --------- Run | Yrd Mat Mat Min Zio Pro Distress Signals 13 | . 1 3 1 . 8 Communications Jammed . | . . . . . . Distress Signals . | . . . . . . Times Spotted 44 | . 3 14 5 . 22 Peak Tracking Total 8 | . 3 4 2 . 8 Tactical Retreats 8 | . . . . . 8 Traps | -11 -10 -9 -9 -7 -6 ------- Run | Yrd Mat Mat Min Zio Pro Traps Triggered . | . . . . . . Indirectly . | . . . . . . Trap Hack Attempts . | . . . . . . Triggered . | . . . . . . Disarmed . | . . . . . . Reprogrammed . | . . . . . . Reused . | . . . . . . Traps Extracted . | . . . . . . Installed . | . . . . . . Triggered . | . . . . . . Machines | -11 -10 -9 -9 -7 -6 ---------- Run | Yrd Mat Mat Min Zio Pro Machines Disabled . | . . . . . . Max in Single Turn . | . . . . . . Machines Repaired . | . . . . . . Machines Dismantled . | . . . . . . Machines Sabotaged . | . . . . . . Overloaded Fab Kills . | . . . . . . Hacking | -11 -10 -9 -9 -7 -6 --------- Run | Yrd Mat Mat Min Zio Pro Machines Accessed 1 | . 1 . . . . Terminals 1 | . 1 . . . . Fabricators . | . . . . . . Repair Stations . | . . . . . . Recycling Units . | . . . . . . Scanalyzers . | . . . . . . Garrison Access . | . . . . . . Total Hacks 1 | . 1 . . . . Successful . | . . . . . . Failed 1 | . 1 . . . . Catastrophic 1 | . 1 . . . . Database Lockouts . | . . . . . . Manual . | . . . . . . Terminals 1 | . 1 . . . . Fabricators . | . . . . . . Repair Stations . | . . . . . . Recycling Units . | . . . . . . Scanalyzers . | . . . . . . Garrison Access . | . . . . . . Terminal Hacks . | . . . . . . Fabricator Hacks . | . . . . . . Repair Station Hacks . | . . . . . . Recycling Unit Hacks . | . . . . . . Scanalyzer . | . . . . . . Garrison Access Hacks . | . . . . . . Unauthorized Hacks . | . . . . . . Terminals . | . . . . . . Fabricators . | . . . . . . Repair Stations . | . . . . . . Recycling Units . | . . . . . . Scanalyzers . | . . . . . . Garrison Access . | . . . . . . Data Cores Recovered . | . . . . . . Used . | . . . . . . Hacking Detections 1 | . 1 . . . . Full Trace Events . | . . . . . . Feedback Events . | . . . . . . Feedback Blocked . | . . . . . . Robot Schematics Acquired . | . . . . . . Robots Built . | . . . . . . Authchips . | . . . . . . Time . | . . . . . . Total Robot Build Rating . | . . . . . . Part Schematics Acquired . | . . . . . . Parts Built . | . . . . . . Authchips . | . . . . . . Time . | . . . . . . Total Part Build Rating . | . . . . . . Parts Repaired . | . . . . . . Time . | . . . . . . Parts Recycled . | . . . . . . Recycled Matter . | . . . . . . Retrieved Matter . | . . . . . . Retrieved Components . | . . . . . . Parts Scanalyzed . | . . . . . . Part Schematics Acquired . | . . . . . . Parts Damaged . | . . . . . . Bothacking | -11 -10 -9 -9 -7 -6 ------------ Run | Yrd Mat Mat Min Zio Pro Used RIF Installer . | . . . . . . Robots Hacked . | . . . . . . Non-combat . | . . . . . . Combat . | . . . . . . Robot Hacks Applied . | . . . . . . Relay Couplers Released . | . . . . . . Fabnet Peak Effective % . | . . . . . . Robots Rewired . | . . . . . . Allies Hacked 1 | . . . . . 1 Hacks Repelled . | . . . . . . Allies | -11 -10 -9 -9 -7 -6 -------- Run | Yrd Mat Mat Min Zio Pro Total Allies 4 | . . . . 4 . Largest Group 4 | . . . . 4 4 Highest-Rated Group 154 | . . . . 154 154 Highest-Rated Ally 40 | . . . . 40 40 Total Orders . | . . . . . . Ally Attacks 11 | . . . . . 11 Total Damage 219 | . . . . . 219 Kills . | . . . . . . Allies Corrupted . | . . . . . . Allies Melted . | . . . . . . Intel | -11 -10 -9 -9 -7 -6 ------- Run | Yrd Mat Mat Min Zio Pro Robot Analysis Total . | . . . . . . Derelict Logs Recovered 2 | . . . . 1 1 Drone Launches . | . . . . . . Drone Recoveries . | . . . . . . Exploration | -11 -10 -9 -9 -7 -6 ------------- Run | Yrd Mat Mat Min Zio Pro Turns Passed 3086 | 84 247 359 312 1507 577 Spaces Moved 2620 | 57 138 163 162 1561 539 Core 60 | 20 . . . 3 37 Treads 540 | 37 138 163 162 40 . Legs . | . . . . . . Wheels 2020 | . . . . 1518 502 Hover . | . . . . . . Flight . | . . . . . . Fastest Speed 50 | 50 160 160 160 90 90 Average Speed 105 | 121 160 160 160 92 92 Slowest Speed 350 | 160 160 160 160 350 115 Overloaded Moves . | . . . . . . Propulsion Burnouts . | . . . . . . Robots Hopped . | . . . . . . Cave-ins Triggered . | . . . . . . Exploration Rate (%) 35 | 4 28 22 19 90 48 Regions Visited 5 Branch Regions 3 Pre-discovered Areas 3 | . . . . 3 . Known Exits Taken 4 | . 1 1 1 1 . Unknown Exits Taken 1 | 1 . . . . . Scrap Searched 4 | . . . . 1 3 Spaces Dug . | . . . . . . Terrain Destroyed . | . . . . . . Melee . | . . . . . . Projectile . | . . . . . . AOE . | . . . . . . Terrain Rammed . | . . . . . . Walls Destroyed . | . . . . . . Machines Disabled . | . . . . . . Actions | -11 -10 -9 -9 -7 -6 --------- Run | Yrd Mat Mat Min Zio Pro Total 2851 | 72 148 212 196 1632 591 Wait 91 | . . 1 13 50 27 Move 2615 | 56 137 162 161 1560 539 Hop . | . . . . . . Pick Up 36 | 10 2 9 4 7 4 Fast Attach . | . . . . . . Attach 16 | 6 1 4 1 3 1 Detach 3 | . . 2 . 1 . Swap 6 | . . 2 3 1 . Drop 18 | . . 4 3 10 1 Fire 58 | . 8 27 11 . 12 Melee . | . . . . . . Ram 7 | . . . . . 7 Kick . | . . . . . . Crush 1 | . . 1 . . . Escape Stasis . | . . . . . . Rewire . | . . . . . . Trap . | . . . . . . Miscellaneous . | . . . . . . Route ------- -11/Scrapyard -10/Materials -9/Materials -9/Mines -7/Zion -6/Proximity Caves History --------- Turn | Location | Event 16 | -11/Scrapyard | Discovered new exit (range 16) 85 | -11/Scrapyard | Entered Materials 306 | -10/Materials | Discovered new exit (range 16) 310 | -10/Materials | Build established: Mutant 328 | -10/Materials | Identified exit to Materials 332 | -10/Materials | Entered another Materials area 332 | -9/Materials | Evolved 2 slots: Utility x2 667 | -9/Materials | Discovered new exit (range 16) 672 | -9/Materials | Build established: Scavenger-Mutant 690 | -9/Materials | Identified exit to Mines 691 | -9/Materials | Entered Mines 713 | -9/Mines | Assembled infested the area 718 | -9/Mines | Assisted by a Guerilla fighting off Assembled 775 | -9/Mines | Joined a pair of Derelicts in attacking an 0b10 outpost 815 | -9/Mines | Lost 3 allies 980 | -9/Mines | A Derelict revealed a hidden shortcut to a safe place 1001 | -9/Mines | Identified exit to Zion 1003 | -9/Mines | Entered Zion 1066 | -7/Zion | Given the Hacking Drone Bay 1067 | -7/Zion | Found Prototype Device 1103 | -7/Zion | System corruption cleaned by Quarantine Array 1216 | -7/Zion | Found Relay Coupler [Programmer] 1247 | -7/Zion | Identified Hacking Drone Bay 1467 | -7/Zion | Learned Factory interactive machine intel 1572 | -7/Zion | Met Imprinter 1591 | -7/Zion | Imprinted 1593 | -7/Zion | Declared Zion's savior 1758 | -7/Zion | Learned location of Data Miner (-6) 2359 | -7/Zion | Discovered new exit (range 11) 2367 | -7/Zion | Identified exit to Proximity Caves 2510 | -7/Zion | Entered Proximity Caves 2510 | -6/Proximity Caves | Accompanied by 4 allies 2549 | -6/Proximity Caves | Attracted the attention of an 0b10 checkpoint 2671 | -6/Proximity Caves | Spotted B-75 Beast 2840 | -6/Proximity Caves | Attracted the attention of an 0b10 outpost 2845 | -6/Proximity Caves | Learned 4 Factory zone layouts 2929 | -6/Proximity Caves | Core integrity fell below 50% 2958 | -6/Proximity Caves | Lost 4 parts (1p1n2w) 3053 | -6/Proximity Caves | Core integrity fell below 20% 3087 | -6/Proximity Caves | Lost 3 parts (2n1u) 3087 | -6/Proximity Caves | Self-destructed Last Messages --------------- repair. 02919_ Penetrated by Slug. 02919_ Wheel destroyed. 02922_ Slammed into L-41 Fighter. 02922_ Beamcaster destroyed. 02923_ Slammed into L-41 Fighter. 02927_ Imp. Ion Engine destroyed. 02927_ Beam Rifle destroyed. 02927_ Slammed into L-41 Fighter. 02927_ Destabilizing: System interference. 02927_ Signal Interpreter temporarily disabled. 02939_ Dropped Weight Redist. System. 02939_ Acquired Com. Wheel. 02967_ Acquired 10 matter. 03048_ Com. Wheel destroyed. 03050_ Slammed into G-67 Veteran. 03050_ Destabilizing: System corrupted (+2). 03056_ Hacking Drone Bay destroyed. 03065_ System corrupted: Heat flow error (+171). 03079_ Critical hit (Burn: +37). Map ----- +----------------------------------------------------+ | ?????????????????????????????????????????????????? | | ?????????????????????????????????????????????????? | | ?????????????????????????????????????????????????? | | ?????????????????????????????????????????????????? | | ?????????????????????????????????????????????????? | | ?????????????????????????????????????????????????? | | ?????????????????????????????????????????????????? | | ???????########??????????????????????????????????# | | ??????##########?????????????###???????????####### | | ?????#### ####????????? ### #??????????# | | ????#### #######???? ? #?????????# | | ???#### ######??? #????????#### # | | ??#### ##??? #?###???#### # | | ??### ##? ?? ## ##?## # | | ?### ###? ?????# ### | | #### ###### ??????# | | ### ###;;# ??????## ### | | ## ### ???????## #####?## | | ## ##??????## #???#??# | | # BB ##?????## #######??# ??? | | % ; BB ##?????# #???????# ??? | | =%% ; ##???### #####??? #??? | | !| ##?### ##?? #??? | | ##### % ;; ;### ##? ##?? | | ###### ## ### ## ## #?? | | ###### ### ### @ ## #?? | | ## #### ### ### #### #?? | | ## #### ### % ## ##??## ##?? | | #### ### ##???##### ##?## | | #### ### ;#??????## #?## | | % ### #????# ### | | ### % ##### #??## | | ########## ####### #??# | | ########### ###??########??# ##### ### | | ##?????### ############??# ####??#####?## | | ###?????## #????????# #????## ????# | | ### #####???### #######???# #???## ???? | | ### #####??#### ### ##??# ##??# #### | | ## ####???## ### #### ##?# | | ###???## ##?# ## ##?# | | ## ##?### #???# #?### | | ### #### ##### #???## | | #### ### % ## #????## | | #### ### != ###### ! ##?????# | | #### ## #### ##????#[% #??????## | | ##### #### ## ##??#####?????#! ##???????## | | ??#############?#####?????????????####?????????### | | ???######????????????????????????????????????????? | | ?????????????????????????????????????????????????? | | ?????????????????????????????????????????????????? | +----------------------------------------------------+ Best States ------------- Heat Dissipation 42 Energy Generation 14 Energy Capacity 265 Matter Stores 300 Matter Capacity 300 Sight Range 16 Terrain Scan Density 10 Resistance: KI 20 Resistance: TH 20 Resistance: EX 20 Resistance: EM 20 Resistance: I 20 Resistance: S 20 Resistance: P 20 Evasion (%) 50 Recoil Reduction 2 Offensive Hacking 10 Item Schematics ----------------- None Robot Schematics ------------------ None Fabricated ------------ Nothing Alien Tech Used ----------------- None Achievements -------------- None Challenges ------------ None Game ------ Seed TowerMasterExoskeleton Manual? 0 Play Time 00:21:03 Cumulative 39.9 hours Start 2024.09.08 @ 13:38:16 End 2024.09.08 @ 13:55:43 Sessions 1 Manual Loads 0 Difficulty Adventurer Special Mode None Game No. 86 Rogue 0 Adventurer 86 Explorer 0 Win Type - Total 0 Types 0/0/0/0/0/0/0/0/0 Lore% 25 Gallery% 39 Achievement% 30 Wizard Run 0 Options --------- Layout 2 ASCII 0 Keyboard 1 Movement Numpad Keybinds 0 Fullscreen 1 Font 24/Smallcaps Map View 50x44 Zoom Use 0% Tactical HUD 1 Map Filters NONE Filters NONE Steam 1 RUN: 3d60f8e7-bb0b-4a3c-bb3c-696e009160e5